 Dungeon Crawl Stone Soup version 0.24.0-37-gcf1ca852f1 (webtiles) character file.

Game seed: 11503875883641442296, levelgen mode: deterministic

2694 FessEmpty the Covert (level 9, -5/42 HPs)
             Began as a Spriggan Enchanter on Nov 22, 2019.
             Was a Follower of Uskayaw.
             Shot with a sling bullet by Joseph (18 damage)
             ... on level 7 of the Dungeon.
             The game lasted 00:35:56 (6663 turns).

FessEmpty the Covert (Spriggan Enchanter)           Turns: 6663, Time: 00:35:57

Health: -5/42      AC:  2    Str:  4      XL:     9   Next: 38%
Magic:  3/16       EV: 27    Int: 20      God:    Uskayaw [*.....]
Gold:   277        SH:  0    Dex: 15 (16) Spells: 7/16 levels left

rFire    . . .     SeeInvis +   F - +1 rapier (venom)
rCold    . . .     Gourm    .   (shield restricted)
rNeg     . . .     Faith    .   t - +0 robe
rPois    .         Spirit   .   (helmet restricted)
rElec    .         Reflect  .   (no cloak)
rCorr    .         Harm     .   (gloves unavailable)
MR       ++...                  (boots unavailable)
Stlth    +++++.....             m - amulet of regeneration
HPRegen  0.54/turn              a - ring of protection from magic
MPRegen  0.15/turn              b - +3 ring of evasion

@: very quick
A: very small, unfitting armour, see invisible, herbivore, speed 3, slow
metabolism 2
a: Stomp, Renounce Religion


You were on level 7 of the Dungeon.
You worshipped Uskayaw.
Uskayaw was noncommittal.
You were near starving.

You visited 1 branch of the dungeon, and saw 7 of its levels.

You collected 277 gold pieces.

Inventory:

Hand Weapons
 F - a +1 rapier of venom (weapon)
Missiles
 i - 2 curare-tipped darts
 n - 4 poisoned darts (quivered)
 x - 5 boomerangs
Armour
 t - a +0 robe (worn)
Jewellery
 a - a ring of protection from magic (left hand)
 b - a +3 ring of evasion (right hand)
 m - an amulet of regeneration (around neck)
Wands
 d - a wand of disintegration (19)
Scrolls
 e - 4 scrolls of teleportation
 g - 2 scrolls of identify
 h - a scroll of fear
 j - 2 scrolls of enchant weapon
 k - a scroll of immolation {unknown}
 l - a scroll of amnesia {unknown}
 p - 4 scrolls of remove curse
 v - a scroll of enchant armour {unknown}
 y - a scroll of random uselessness {unknown}
 C - a scroll of magic mapping {unknown}
Potions
 c - 2 potions of berserk rage
 f - 2 potions of haste
 r - 2 potions of invisibility
 s - a potion of degeneration {unknown}
 w - 2 potions of mutation {unknown}
 z - 2 potions of agility {unknown}
 A - 2 potions of curing
 B - a potion of lignification {unknown}
 D - 2 potions of brilliance {unknown}
 E - a potion of magic {unknown}
Comestibles
 q - 9 rations


   Skills:
 + Level 1.8 Fighting
 + Level 6.9 Short Blades
 - Level 1.9 Throwing
 + Level 9.5 Dodging
 + Level 10.7 Stealth
 + Level 4.1 Spellcasting
 - Level 6.3 Hexes
 - Level 2.0 Ice Magic


You had 7 spell levels left.
You knew the following spells:

 Your Spells              Type           Power        Failure   Level  Hunger
a - Corona                Hex            ####...      1%          1    None
b - Ensorcelled Hibernat  Hex/Ice        ###...       3%          2    #......
c - Tukima's Dance        Hex            ####....     2%          3    ###....
d - Confuse               Hex            ####....     2%          3    ###....

Your spell library contained the following spells:

 Spells                   Type           Power        Failure   Level  Hunger
 Dazzling Spray           Conj/Hex       ###...       11%         3    ###....


Dungeon Overview and Level Annotations

Branches:
Dungeon (7/15)             Temple (0/1) D:7

Altars:
Cheibriados
Elyvilon
Makhleb
Nemelex Xobeh
Okawaru
Ru
Sif Muna
Trog
Uskayaw
Vehumet
Wu Jian
Xom
Yredelemnul

Shops:
D:7 ?

Annotations:
D:3 1 exclusion
D:6 1 exclusion
D:7 1 runed translucent door, Crazy Yiuf, Joseph


Innate Abilities, Weirdness & Mutations

You are very small and have problems with some larger weapons.
You are too small for most types of armour.
You have supernaturally acute eyesight. (SInv)
You are a herbivore.
You cover ground extremely quickly.
You need to consume almost no food.


Message History

Throwing (i - inventory. (/) - cycle)
n - 6 poisoned darts (quivered)
Press: ? - help, Shift-Dir - straight line, f/p - gnoll shaman
Aim: a gnoll shaman, wielding a +0 club and wearing a +0 leather armour (heavily wounded, poisoned)
You throw a poisoned dart.
The poisoned dart barely misses the gnoll shaman.
The poisoned dart hits the gnoll.
The gnoll is lightly wounded.
You feel a bit more experienced.
Throwing (i - inventory. (/) - cycle)
n - 5 poisoned darts (quivered)
Press: ? - help, Shift-Dir - straight line, f - gnoll
Aim: a gnoll, wielding a +0 halberd (lightly wounded, fast, poisoned)
You throw a poisoned dart. The poisoned dart hits the gnoll.
The gnoll looks even sicker.
The gnoll is lightly wounded.
Throwing (i - inventory. (/) - cycle)
n - 4 poisoned darts (quivered)
Press: ? - help, Shift-Dir - straight line, f/p - gnoll
Aim: a gnoll, wielding a +0 halberd (lightly wounded, fast, poisoned)
You throw a poisoned dart.
The poisoned dart completely misses the gnoll.
Throwing (i - inventory. (/) - cycle)
n - 3 poisoned darts (quivered)
Press: ? - help, Shift-Dir - straight line, f/p - gnoll
Aim: a gnoll, wielding a +0 halberd (moderately wounded, fast, poisoned)
Okay, then.
Throwing (i - inventory. (/) - cycle)
n - 3 poisoned darts (quivered)
Press: ? - help, Shift-Dir - straight line, f/p - gnoll
Aim: a gnoll, wielding a +0 halberd (severely wounded, fast, poisoned)
You throw a poisoned dart.
The poisoned dart closely misses the gnoll.
You kill the gnoll!
The gnoll is too close now for your liking.
You see here a +0 halberd.
Throwing (i - inventory. (/) - cycle)
n - 2 poisoned darts (quivered)
Press: ? - help, Shift-Dir - straight line, f - gnoll
Aim: a gnoll, wielding a +0 flail You throw a poisoned dart.
The poisoned dart hits the gnoll.
The gnoll is poisoned.
Throwing (i - inventory. (/) - cycle)
n - a poisoned dart (quivered)
Press: ? - help, Shift-Dir - straight line, f/p - gnoll
Aim: a gnoll, wielding a +0 flail (poisoned)
You throw a poisoned dart.
The poisoned dart barely misses the gnoll.
Throwing (i - inventory. (/) - cycle)
i - 3 curare-tipped darts (quivered)
Press: ? - help, Shift-Dir - straight line, f/p - gnoll
Aim: a gnoll, wielding a +0 flail (poisoned)
You throw a curare-tipped dart. The curare-tipped dart hits the gnoll.
The gnoll looks even sicker.
The gnoll convulses.
The gnoll seems to slow down.
The gnoll is moderately wounded.
Throwing (i - inventory. (/) - cycle)
i - 2 curare-tipped darts (quivered)
Press: ? - help, Shift-Dir - straight line, f/p - gnoll
Aim: a gnoll, wielding a +0 flail (moderately wounded, slow, poisoned)
You throw a curare-tipped dart. The curare-tipped dart hits the gnoll.
The gnoll looks as sick as possible!
The gnoll convulses.
You kill the gnoll!
Throwing (i - inventory. (/) - cycle)
i - a curare-tipped dart (quivered)
Press: ? - help, Shift-Dir - straight line, f - gnoll
Aim: a gnoll You throw a curare-tipped dart.
The curare-tipped dart hits the gnoll.
The gnoll is poisoned.
The gnoll convulses.
The gnoll seems to slow down.
The gnoll is heavily wounded.
You can now pass through a line of other dancers.
Throwing (i - inventory)
x - 5 boomerangs (quivered)
Press: ? - help, Shift-Dir - straight line, f/p - gnoll
Aim: a gnoll (severely wounded, slow, poisoned)
You throw a boomerang. The boomerang barely misses the gnoll.
Throwing (i - inventory)
x - 5 boomerangs (quivered)
Press: ? - help, Shift-Dir - straight line, f/p - gnoll
Aim: a gnoll (almost dead, slow, poisoned)
You throw a boomerang. The boomerang hits the gnoll.
You kill the gnoll!
You see here a gnoll corpse.
i - 2 curare-tipped darts
Things that are here:
a +0 flail; a gnoll corpse You can no longer pass through a line of other dancers.
n - a poisoned dart
n - 2 poisoned darts (gained 1)
n - 3 poisoned darts (gained 1)
n - 4 poisoned darts (gained 1)
n - 5 poisoned darts (gained 1)
Things that are here:
a +0 club; a +0 leather armour; a gnoll corpse
n - 7 poisoned darts (gained 2)
n - 9 poisoned darts (gained 2)
n - 10 poisoned darts (gained 1)
n - 11 poisoned darts (gained 1)
n - 12 poisoned darts (gained 1)
You see here a +0 spear.
You see here a +0 spear.
Things that are here:
a +0 club; a +0 leather armour; a gnoll corpse
There is a fountain of clear blue water here.
There is an open door here.
Joseph is too close now for your liking.
Casting: Tukima's Dance (safe; 2% risk of failure)
Confirm with . or Enter, or press ? or * to list all spells.
Aiming: Confuse (safe; 2% risk of failure)
Press: ? - help, Shift-Dir - straight line, f - Joseph
Aim: Joseph, wielding a +0 hunting sling and wearing a +2 leather armour of poison resistance (hasn't noticed you, chance to defeat MR: 40%) Joseph shouts!
Joseph resists with some effort.
Joseph shoots a sling bullet.
The sling bullet closely misses you.
Casting: Confuse (safe; 2% risk of failure)
Confirm with . or Enter, or press ? or * to list all spells.
Aiming: Confuse (safe; 2% risk of failure)
Press: ? - help, Shift-Dir - straight line, f/p - Joseph
Aim: Joseph, wielding a +0 hunting sling and wearing a +2 leather armour of poison resistance (chance to defeat MR: 40%) Joseph resists with some effort.
Joseph shoots a sling bullet.
The sling bullet hits you!
Throwing (i - inventory. (/) - cycle)
n - 12 poisoned darts (quivered)
Press: ? - help, Shift-Dir - straight line, f/p - Joseph
Aim: Joseph, wielding a +0 hunting sling and wearing a +2 leather armour of poison resistance
Okay, then.
Casting: Confuse (safe; 2% risk of failure)
Confirm with . or Enter, or press ? or * to list all spells.
Aiming: Ensorcelled Hibernation (safe; 3% risk of failure)
Press: ? - help, Shift-Dir - straight line, f/p - Joseph
Aim: Joseph, wielding a +0 hunting sling and wearing a +2 leather armour of poison resistance (chance to defeat MR: 32%)
Okay, then.
Casting: Ensorcelled Hibernation (safe; 3% risk of failure)
Confirm with . or Enter, or press ? or * to list all spells.
Aiming: Confuse (safe; 2% risk of failure)
Press: ? - help, Shift-Dir - straight line, f/p - Joseph
Aim: Joseph, wielding a +0 hunting sling and wearing a +2 leather armour of poison resistance (chance to defeat MR: 40%) Joseph resists with some effort.
Joseph shoots a sling bullet.
The sling bullet barely misses you.
Casting: Confuse (safe; 2% risk of failure)
Confirm with . or Enter, or press ? or * to list all spells.
Aiming: Confuse (safe; 2% risk of failure)
Press: ? - help, Shift-Dir - straight line, f/p - Joseph
Aim: Joseph, wielding a +0 hunting sling and wearing a +2 leather armour of poison resistance (chance to defeat MR: 40%) Joseph resists with some effort.
Joseph shoots a sling bullet.
The sling bullet completely misses you.
Casting: Confuse (safe; 2% risk of failure)
Confirm with . or Enter, or press ? or * to list all spells.
Aiming: Confuse (safe; 2% risk of failure)
Press: ? - help, Shift-Dir - straight line, f/p - Joseph
Aim: Joseph, wielding a +0 hunting sling and wearing a +2 leather armour of poison resistance (chance to defeat MR: 40%) Joseph resists with some effort.
Casting: Confuse (safe; 2% risk of failure)
Confirm with . or Enter, or press ? or * to list all spells.
You don't have enough magic to cast that spell.
Throwing (i - inventory. (/) - cycle)
n - 12 poisoned darts (quivered)
Press: ? - help, Shift-Dir - straight line, f/p - Joseph
Aim: Joseph, wielding a +0 hunting sling and wearing a +2 leather armour of poison resistance You throw a poisoned dart.
The poisoned dart hits Joseph.
You are near starving!
Throwing (i - inventory. (/) - cycle)
n - 11 poisoned darts (quivered)
Press: ? - help, Shift-Dir - straight line, f/p - Joseph
Aim: Joseph, wielding a +0 hunting sling and wearing a +2 leather armour of poison resistance You throw a poisoned dart.
The poisoned dart hits Joseph.
Joseph shoots a sling bullet.
The sling bullet closely misses you.
Throwing (i - inventory. (/) - cycle)
n - 10 poisoned darts (quivered)
Press: ? - help, Shift-Dir - straight line, f/p - Joseph
Aim: Joseph, wielding a +0 hunting sling and wearing a +2 leather armour of poison resistance You throw a poisoned dart.
The poisoned dart hits Joseph.
Throwing (i - inventory. (/) - cycle)
n - 9 poisoned darts (quivered)
Press: ? - help, Shift-Dir - straight line, f/p - Joseph
Aim: Joseph, wielding a +0 hunting sling and wearing a +2 leather armour of poison resistance You throw a poisoned dart.
The poisoned dart hits Joseph.
Joseph is poisoned.
Throwing (i - inventory. (/) - cycle)
n - 8 poisoned darts (quivered)
Press: ? - help, Shift-Dir - straight line, f/p - Joseph
Aim: Joseph, wielding a +0 hunting sling and wearing a +2 leather armour of poison resistance (poisoned)
You throw a poisoned dart. The poisoned dart barely misses Joseph.
Joseph shoots a sling bullet.
The sling bullet misses you.
Throwing (i - inventory. (/) - cycle)
n - 7 poisoned darts (quivered)
Press: ? - help, Shift-Dir - straight line, f/p - Joseph
Aim: Joseph, wielding a +0 hunting sling and wearing a +2 leather armour of poison resistance (lightly wounded, poisoned)
You throw a poisoned dart. The poisoned dart hits Joseph.
Joseph is lightly wounded.
Joseph shoots a sling bullet.
The sling bullet misses you.
Throwing (i - inventory. (/) - cycle)
n - 6 poisoned darts (quivered)
Press: ? - help, Shift-Dir - straight line, f/p - Joseph
Aim: Joseph, wielding a +0 hunting sling and wearing a +2 leather armour of poison resistance (lightly wounded, poisoned)
You throw a poisoned dart. The poisoned dart hits Joseph.
Joseph looks even sicker.
Joseph is lightly wounded.
Joseph shoots a sling bullet.
The sling bullet completely misses you.
Throwing (i - inventory. (/) - cycle)
n - 5 poisoned darts (quivered)
Press: ? - help, Shift-Dir - straight line, f/p - Joseph
Aim: Joseph, wielding a +0 hunting sling and wearing a +2 leather armour of poison resistance (lightly wounded, poisoned)
You throw a poisoned dart. The poisoned dart hits Joseph.
Joseph is lightly wounded.
Joseph shoots a sling bullet.
The sling bullet barely misses you.
Casting: Confuse (safe; 2% risk of failure)
Confirm with . or Enter, or press ? or * to list all spells.
Okay, then.
Joseph unwields a +0 hunting sling.
Joseph wields a +0 quarterstaff.
Joseph hits you with a +0 quarterstaff!
You hit Joseph.
Joseph is lightly wounded.
You hit Joseph.
Joseph looks as sick as possible!
Joseph is moderately wounded.
Joseph hits you with a +0 quarterstaff.
You completely miss Joseph.
Joseph is moderately wounded.
Joseph hits you with a +0 quarterstaff!!
* * * LOW HITPOINT WARNING * * *
Joseph unwields a +0 quarterstaff.
Joseph wields a +0 hunting sling.
Joseph shoots a sling bullet.
The sling bullet hits you!!
You die...

......##........#...#####
......##).......#(..#####
#.....#.[[..............#
.....†)............(....+
...............#..(.....#
.................@......#
........................#
...................######
.....##.........@(.#####
.....#..........(......#
.....#.......#..((.....#
.....#.......#.#########
.....#.......#.....#...#
..##.........#####.#.#.#####
..##....####.....<...#.....#
..##....(..........#######.#
...........................#


You could see Joseph.

Vanquished Creatures
  Eustachio (D:6)
  An orc warrior (D:7)
  An ice beast (D:6)
  A sky beast (D:5)
  A necrophage (D:7)
  2 phantoms
  4 ogres
  A centaur (D:6)
  2 bullfrogs (D:7)
  4 scorpions
  3 killer bees (D:7)
  A howler monkey (D:5)
  2 jellies
  A quasit (D:7)
  A centaur zombie (D:7)
  4 orc priests
  2 hounds
  2 gnoll shamans (D:7)
  2 bullfrog skeletons
  An iguana (D:6)
  8 orc wizards
  4 worker ants
  A hound skeleton (D:5)
  A howler monkey zombie (D:7)
  A worker ant zombie (D:5)
  Robin (D:3)
  7 gnolls (D:7)
  9 adders
  A shadow imp (D:6)
  4 oozes
  An adder skeleton (D:4)
  2 worms
  6 dart slugs
  2 leopard geckos
  29 orcs
  3 bats (D:1)
  6 giant cockroaches
  17 goblins
  11 hobgoblins
  16 jackals
  7 kobolds
  A ball python (D:3)
  7 frilled lizards
  A leopard gecko skeleton (D:5)
  A quokka skeleton (D:7)
  7 rats
191 creatures vanquished.

Vanquished Creatures (collateral kills)
  An orc (D:7)
1 creature vanquished.

Vanquished Creatures (others)
  2 dancing weapons
2 creatures vanquished.

Grand Total: 194 creatures vanquished

Notes
Turn   | Place    | Note
-------+----------+-------------------------------------------
     0 | D:1      | FessEmpty the Spriggan Enchanter began the quest for the
                  | Orb.
     0 | D:1      | Reached XP level 1. HP: 9/9 MP: 5/5
   344 | D:1      | Reached XP level 2. HP: 10/13 MP: 6/6
   348 | D:1      | Learned a level 2 spell: Ensorcelled Hibernation
   760 | D:1      | Reached XP level 3. HP: 7/16 MP: 0/8
   875 | D:1      | Reached skill level 1 in Ice Magic
  1121 | D:2      | Reached skill level 5 in Hexes
  1124 | D:2      | Found a shimmering blue altar of Sif Muna.
  1197 | D:2      | Learned a level 3 spell: Tukima's Dance
  1199 | D:2      | Found a snail-covered altar of Cheibriados.
  1484 | D:2      | Reached XP level 4. HP: 12/21 MP: 1/9
  1674 | D:3      | Found a hide-covered altar of Uskayaw.
  1683 | D:3      | Became a worshipper of Uskayaw the Reveler
  1732 | D:3      | Reached * piety under Uskayaw
  1814 | D:3      | Noticed Robin
  1950 | D:3      | Killed Robin
  2191 | D:3      | Found an iron altar of Okawaru.
  2727 | D:2      | Reached XP level 5. HP: 21/24 MP: 7/10
  2762 | D:2      | Reached skill level 1 in Throwing
  2834 | D:2      | Reached ** piety under Uskayaw
  3071 | D:3      | Found a white marble altar of Elyvilon.
  3140 | D:3      | Found a shimmering altar of Xom.
  3420 | D:4      | Learned a level 3 spell: Confuse
  3472 | D:4      | Found a burning altar of Makhleb.
  3486 | D:4      | Reached XP level 6. HP: 28/28 MP: 11/11
  3516 | D:4      | Reached skill level 5 in Stealth
  3733 | D:4      | Reached skill level 6 in Stealth
  3894 | D:4      | Reached XP level 7. HP: 32/32 MP: 12/12
  3961 | D:4      | Reached skill level 5 in Dodging
  4200 | D:5      | Entered Level 5 of the Dungeon
  4231 | D:5      | Reached skill level 7 in Stealth
  4240 | D:5      | Reached *** piety under Uskayaw
  4536 | D:5      | Found an ornate altar of the Wu Jian Council.
  4713 | D:6      | Found a sacrificial altar of Ru.
  4797 | D:6      | Reached XP level 8. HP: 30/36 MP: 13/13
  4848 | D:6      | Reached skill level 8 in Stealth
  4914 | D:6      | Reached skill level 5 in Short Blades
  4918 | D:6      | Reached **** piety under Uskayaw
  5081 | D:6      | Found a basalt altar of Yredelemnul.
  5107 | D:6      | Noticed Eustachio
  5134 | D:6      | Killed Eustachio
  5134 | D:6      | Reached skill level 9 in Stealth
  5160 | D:6      | Found a radiant altar of Vehumet.
  5771 | D:7      | Found Ipexo's Magic Scroll Shoppe.
  5802 | D:7      | Reached skill level 10 in Stealth
  5871 | D:7      | Reached XP level 9. HP: 40/40 MP: 14/14
  5953 | D:7      | Reached skill level 1 in Fighting
  6001 | D:7      | Found a sparkling altar of Nemelex Xobeh.
  6007 | D:7      | Found a bloodstained altar of Trog.
  6145 | D:7      | Found a staircase to the Ecumenical Temple.
  6201 | D:7      | Noticed Joseph
  6374 | D:7      | Found a runed translucent door.
  6375 | D:7      | Noticed Crazy Yiuf
  6663 | D:7      | Shot with a sling bullet by Joseph

Levels and vault maps discovered:
D:1:      dpeg_arrival_prison, layout_basic
D:2:      layout_basic, lemuel_doored_altar, lemuel_round_altar,
          minmay_pentomino_pile
D:3:      layout_rooms, lemuel_coloured_pillars_altar, elyvilon_altar_3,
          marbit_many_paths, led_xom_imps, uniq_robin
D:4:      layout_cave_pools, old_standard_altar, first_ration,
          serial_bayou_lake_a
D:5:      layout_basic, kennysheep_little_box
D:6:      layout_basic, old_standard_altar, kennysheep_mini_moat,
          nicolae_overflow_hidden_temple, kennysheep_boxes, uniq_eustachio
D:7:      layout_basic, lemuel_round_altar,
          minmay_temple_entry_drinking_statues, serial_shops, shop_fountains,
          hangedman_decor_opposing, david_defended_altar_orc, uniq_joseph,
          uniq_crazy_yiuf_cottage

Skill      XL: |  1  2  3  4  5  6  7  8  9 |
---------------+----------------------------+-----
Hexes          | 4 5 6 |  6.3
Ice Magic      | 1 2 |  2.0
Throwing       | 1 |  1.9
Short Blades   | 3 4 6 |  6.9
Dodging        | 4 6 8 9 |  9.5
Stealth        | 6 7 10 | 10.7
Spellcasting   | 3 4 |  4.1
Fighting       | 1 |  1.8

Action                   |  1- 3 |  4- 6 |  7- 9 || total
-------------------------+-------+-------+-------++-------
Melee: Dagger            |   136 |    77 |    22 ||   235
       Short sword       |       |    82 |   158 ||   240
       Rapier            |       |       |   168 ||   168
Throw: Dart              |       |    44 |    87 ||   131
       Boomerang         |       |       |     2 ||     2
 Cast: Ensorcelled Hiber |    35 |    54 |     9 ||    98
       Tukima's Dance    |       |     2 |     5 ||     7
       Confuse           |       |     1 |    11 ||    12
  Use: Potion            |     2 |     3 |     1 ||     6
       Scroll            |       |     6 |     3 ||     9
 Stab: Sleeping          |    21 |    34 |     8 ||    63
       Distracted        |       |     1 |     2 ||     3
       Confused          |       |     2 |     9 ||    11
       Paralysed         |       |       |     2 ||     2
  Eat: Ration            |       |     3 |     2 ||     5
Armor: Robe              |    13 |    20 |    11 ||    44
Dodge: Dodged            |   125 |   160 |   300 ||   585
